 Dungeon Crawl Stone Soup version 0.29.1-1-gd02db6906a (webtiles) character file.

Game seed: 5125214786018851465

9 LustLizard the Trooper (level 2, 22/24 HPs)
             Began as a Demonspawn Fighter on Oct 22, 2022.
             Quit the game on level 1 of the Dungeon.
             The game lasted 00:00:20 (207 turns).

LustLizard the Trooper (Demonspawn Fighter)          Turns: 207, Time: 00:00:20

Health: 22/24      AC:  6    Str: 16    XL:     2   Next: 3%
Magic:  2/2        EV:  8    Int:  9    God:
Gold:   13         SH:  4    Dex: 12    Spells: 1/1 levels left

rFire   . . .      SeeInvis .   a - +0 long sword
rCold   . . .      Faith    .   c - +0 buckler
rNeg    . . .      Spirit   .   b - +0 scale mail
rPois   .          Reflect  .   (no helmet)
rElec   .          Harm     .   (no cloak)
rCorr   .          Rampage  .   (no gloves)
Will    .....                   (no boots)
Stlth   ..........              (no amulet)
HPRegen 0.08/turn               (no ring)
MPRegen 0.08/turn               (no ring)

@: no status effects
A: claws 1
a: no special abilities


You were on level 1 of the Dungeon.
You visited 1 branch of the dungeon, and saw 1 of its levels.

You collected 13 gold pieces.

Inventory:

Hand Weapons
 a - a +0 long sword (weapon)
Armour
 b - a +0 scale mail (worn)
 c - a +0 buckler (worn)
Scrolls
 e - a scroll of identify {unknown}
 g - a scroll of teleportation {unknown}
Potions
 d - a potion of might
 f - a potion of heal wounds {unknown}


   Skills:
 + Level 3.2 Fighting
 * Level 2.3 Long Blades
 - Level 2.6 Armour
 - Level 2.6 Shields


You had one spell level left.
You didn't know any spells.
Your spell library was empty.

Dungeon Overview and Level Annotations

Branches:
Dungeon (1/15)

Altars:


Innate Abilities, Weirdness & Mutations

You have sharp fingernails.


Message History

g - a scroll labelled TEAKISUUDE You see here a hobgoblin corpse.
A bat comes into view.
A bat is nearby!
The bat barely misses you.
You slash the bat!
You kill the bat!
No target in view!
You now have 13 gold pieces.
A frilled lizard and a giant cockroach come into view.
The frilled lizard hisses angrily.
The giant cockroach moves out of view.
A frilled lizard is nearby!
The giant cockroach closely misses you.
The frilled lizard bites you but does no damage.
The giant cockroach barely misses you.
You barely miss the frilled lizard. The frilled lizard closely misses you.
You block the giant cockroach's attack. The frilled lizard bites you.
You hit the frilled lizard but do no damage.
The giant cockroach closely misses you.
The frilled lizard bites you but does no damage.
The giant cockroach bites you but does no damage.
You slash the frilled lizard!
You kill the frilled lizard!
The giant cockroach closely misses you.
You barely miss the giant cockroach. The giant cockroach barely misses you.
The giant cockroach bites you but does no damage.
You hit the giant cockroach.
The giant cockroach is severely wounded.
The giant cockroach barely misses you.
You closely miss the giant cockroach.
The giant cockroach is severely wounded.
The giant cockroach bites you but does no damage.
The giant cockroach closely misses you.
You hit the giant cockroach.
You kill the giant cockroach!
You have reached level 2!
Your demonic ancestry asserts itself...
Your fingernails lengthen.
Are you sure you want to abandon this character and quit the game? (Confirm with "yes".)

######### ........#
......... ........#
........# .!......#
........†#
........@##
..........# .#
#...^......###.##
#...............#
##...............#
.................#
#..................
#..................
#..................


There were no monsters in sight!

Vanquished Creatures
  A dart slug (D:1)
  A bat (D:1)
  2 giant cockroaches (D:1)
  A hobgoblin (D:1)
  A frilled lizard (D:1)
6 creatures vanquished.

Notes
Turn   | Place    | Note
-------+----------+-------------------------------------------
     0 | D:1      | LustLizard the Demonspawn Fighter began the quest for the
                  | Orb.
     0 | D:1      | Reached XP level 1. HP: 18/18 MP: 1/1
   207 | D:1      | Gained mutation: You have sharp fingernails. [demonic
                  | ancestry]
   207 | D:1      | Reached XP level 2. HP: 22/24 MP: 2/2
   207 | D:1      | Quit the game

Illustrated notes

Levels and vault maps discovered:
D:1:      eino_arrival_cavern_e, layout_basic

Skill      XL: |  1 |
---------------+----+-----
Long Blades    | 2 |  2.3
Fighting       | |  3.2
Armour         | |  2.6
Shields        | |  2.6

Action                   || total
-------------------------++-------
Melee: Long sword        ||    12
Armor: Scale mail        ||     5
Dodge: Dodged            ||     9
Block: Buckler           ||     2
